 Dungeon Crawl Stone Soup version 0.26.0-20-g3ca415f5b8 (webtiles) character file.

Game seed: 2875226185484306049

30312 kaeus the Fighter (level 13, -11/122 HPs)
             Began as a Minotaur Berserker on Jan 26, 2021.
             Was a High Priest of Trog.
             Killed from afar by a lindwurm (30 damage)
             ... with a blast of flame
             ... on level 4 of the Lair of Beasts.
             The game lasted 00:20:03 (19498 turns).

kaeus the Fighter (Minotaur Berserker)             Turns: 19498, Time: 00:20:04

Health: -11/122    AC: 14    Str: 26    XL:     13   Next: 19%
Magic:  12/12      EV: 20    Int: 10    God:    Trog [*****.]
Gold:   1033       SH:  0    Dex: 11    Spells: 12/12 levels left

rFire    . . .     SeeInvis .   a - +6 war axe (elec)
rCold    . . .     Faith    .   (no shield)
rNeg     . . .     Spirit   .   N - +3 scale mail
rPois    .         Reflect  .   I - +0 hat
rElec    .         Harm     .   (no cloak)
rCorr    .         Rampage  .   (no gloves)
Will     .....                  s - +0 pair of boots
Stlth    ..........             (no amulet)
HPRegen  0.30/turn              i - +4 ring of evasion
MPRegen  0.13/turn              c - +6 ring of intelligence

@: no status effects
A: retaliatory headbutt, horns 2
a: Renounce Religion, Berserk, Trog's Hand, Brothers in Arms


You were on level 4 of the Lair of Beasts.
You worshipped Trog.
Trog was extremely pleased with you.
You visited 2 branches of the dungeon, and saw 15 of its levels.
You also visited: Sewer.

You collected 1033 gold pieces.

Inventory:

Hand Weapons
 a - a +6 war axe of electrocution (weapon)
 h - a +3 battleaxe of flaming
 C - a +1 vorpal war axe
 O - a +3 vorpal broad axe
Armour
 p - a +3 leather armour of fire resistance
 s - a +0 pair of boots (worn)
 I - a +0 hat (worn)
 N - a +3 scale mail (worn)
Jewellery
 c - a +6 ring of intelligence (right hand)
 e - an uncursed ring of wizardry
 f - an uncursed amulet of faith {unknown}
 i - a +4 ring of evasion (left hand)
 l - an uncursed ring of resist corrosion
 v - an uncursed ring of positive energy
 A - an uncursed ring of magical power
 K - an uncursed ring of ice
Wands
 r - a wand of acid (18)
 E - a wand of iceblast (14)
 F - a wand of enslavement (10)
Scrolls
 d - 9 scrolls of identify
 m - 11 scrolls of teleportation
 q - 3 scrolls of magic mapping
 w - 4 scrolls of remove curse
 y - a scroll of immolation
 B - 4 scrolls of fear
 J - a scroll of fog
Potions
 b - 2 potions of berserk rage {unknown}
 g - 5 potions of ambrosia
 j - 6 potions of attraction
 k - 3 potions of resistance
 n - a potion of might {unknown}
 o - 2 potions of brilliance
 t - 2 potions of magic
 u - a potion of cancellation {unknown}
 x - 2 potions of curing {unknown}
 z - a potion of mutation {unknown}
 D - a potion of flight {unknown}
 G - a potion of haste {unknown}
 H - a potion of invisibility {unknown}


   Skills:
 + Level 13.6 Fighting
 + Level 13.6 Axes
 + Level 13.4 Armour
 + Level 12.4 Dodging


You had 12 spell levels left.
You didn't know any spells.
Your spell library contained the following spells:

 Spells                   Type           Power        Failure   Level
 Beastly Appendage        Tmut           0%           56%         1
 Magic Dart               Conj           0%           56%         1
 Blink                    Tloc           N/A          71%         2
 Call Imp                 Summ           0%           71%         2
 Searing Ray              Conj           0%           71%         2
 Slow                     Hex            0%           71%         2
 Wereblood                Tmut           0%           71%         2
 Confusing Touch          Hex            0%           91%         3
 Conjure Flame            Conj/Fire      0%           91%         3
 Dazzling Flash           Conj/Hex       0%           91%         3
 Gell's Gravitas          Tloc           0%           91%         3
 Mephitic Cloud           Conj/Pois/Air  0%           91%         3
 Spider Form              Tmut/Pois      0%           91%         3
 Fulminant Prism          Conj/Hex       0%           100%        4
 Ice Form                 Ice/Tmut       0%           100%        4
 Iskenderun's Mystic Bla  Conj/Tloc      0%           100%        4
 Petrify                  Tmut/Erth      0%           100%        4
 Blade Hands              Tmut           0%           100%        5
 Metabolic Englaciation   Hex/Ice        0%           100%        5
 Yara's Violent Unravell  Hex/Tmut       0%           100%        5


Dungeon Overview and Level Annotations

Branches:
Dungeon (11/15)            Temple (0/1) D:6            Lair (4/6) D:11
 Shoals (0/4) Lair:3        Snake (0/4) Lair:2          Orc (0/2) D:10
  Sewer (visited)

Altars:
Cheibriados
Fedhas
Gozag
Makhleb
Okawaru
Qazlal
The Shining One

Shops:
D:11 (

Annotations:
D:10 2 runed translucent doors, littlecub's ghost, journeyman MiFi


Innate Abilities, Weirdness & Mutations

You reflexively headbutt those who attack you in melee.
You have a pair of horns on your head.


Message History

Trog accepts your kill. The killer bee completely misses you.
You furiously retaliate!
You headbutt the killer bee! You slash the killer bee!
Lightning courses through the killer bee!
You kill the killer bee!
Trog accepts your kill.
You hit the plant.
A nearby plant withers and dies.
There is a stone staircase leading down here.
The lindwurm breathes flames at you.
The blast of flame hits the fungus!!
The fungus begins to die.
The blast of flame hits you!!
* * * LOW HITPOINT WARNING * * *
You take 20 damage, and have 17/122 hp.
A nearby fungus withers and dies.
You see here 19 stones.
The lindwurm breathes flames at you. The blast of flame hits you!!
You die...

#.#....#.# ##...## #..#.P..#
#........# ##....# #####..###...
#♣........♣#.#...####.##...###.##
.#♣♣♣..........k.#..........##..#
.♣♣..........♣..............###..
............................## #.
................###..####....###(
...†...........(..#### ##....##
...........^....@### ##...##
...................## ##...##
....................### ###..#
.......)............<.### ##..
.....................#.P# #..
...............[♣.......### ##.
...............♣..........# #####
...^...........♣.........## #..##
♣..............♣.÷.......# ##..#


You could see a lindwurm (catching breath).

Vanquished Creatures
  2 hydras
  A two-headed ogre (D:11)
  Pikel (D:4)
  An ugly thing (D:10)
  A manticore (Lair:4)
  An elephant (Lair:4)
  Joseph (D:8)
  2 black mambas
  9 cane toads
  A centaur skeleton (D:11)
  4 rime drakes
  A komodo dragon (Lair:3)
  A meliai (Lair:4)
  2 hornets
  2 polar bears
  Prince Ribbit (D:8)
  8 blink frogs
  A snapping turtle (Lair:3)
  6 wyverns
  A wraith (D:10)
  A steam dragon (Lair:2)
  21 yaks
  A basilisk (Lair:2)
  10 water moccasins
  An eye of draining (D:9)
  4 orc warriors
  2 black bears
  A sky beast (D:8)
  2 phantoms
  56 wolves
  8 centaurs
  3 lemures (D:4)
  5 big kobolds
  Blork the orc (D:6)
  12 bullfrogs
  4 scorpions
  32 killer bees
  8 wights
  An electric eel (Lair:3)
  14 howler monkeys
  2 bullfrog zombies
  A quasit (D:9)
  8 hounds
  5 jellies
  2 centaur zombies (D:11)
  3 orc priests
  9 orc wizards
  A bullfrog skeleton (D:9)
  3 iguanas
  11 worker ants
  Terence (D:3)
  2 human simulacra (D:10)
  A hound zombie (D:5)
  A hound skeleton (D:4)
  4 worker ant zombies
  5 gnolls
  2 howler monkey skeletons
  A river rat (D:3)
  12 adders
  4 shadow imps
  A white imp (D:10)
  An ufetubus (D:10)
  11 oozes
  An adder skeleton (D:4)
  2 adder zombies
  8 worms
  2 dart slugs
  5 leopard geckos
  33 orcs
  7 bats
  4 giant cockroaches
  7 hobgoblins
  17 jackals
  4 quokkas
  2 ball pythons
  3 frilled lizards
  5 goblins
  A jackal zombie (D:9)
  25 kobolds
  A leopard gecko skeleton (D:3)
  13 rats
465 creatures vanquished.

Vanquished Creatures (collateral kills)
  Erolcha (D:10)
  2 death yaks (Lair:4)
  2 wyverns (Lair:4)
5 creatures vanquished.

Vanquished Creatures (others)
  A killer bee (Lair:4)
  A howler monkey skeleton (D:10)
  11 fungi
  28 plants
41 creatures vanquished.

Grand Total: 511 creatures vanquished

Notes
Turn   | Place    | Note
-------+----------+-------------------------------------------
     0 | D:1      | kaeus the Minotaur Berserker began the quest for the Orb.
     0 | D:1      | Reached XP level 1. HP: 19/19 MP: 0/0
   119 | D:1      | Reached XP level 2. HP: 22/27 MP: 1/1
   567 | D:1      | Reached XP level 3. HP: 22/33 MP: 2/2
   906 | D:2      | Reached ** piety under Trog
  1324 | D:2      | Reached XP level 4. HP: 40/41 MP: 3/3
  1346 | D:2      | Found a blossoming altar of Fedhas.
  1615 | D:2      | Reached XP level 5. HP: 39/47 MP: 4/4
  2171 | D:3      | Found a glowing drain.
  2175 | Sewer    | Entered a sewer
  2508 | Sewer    | Reached skill level 5 in Fighting
  2508 | Sewer    | Reached skill level 5 in Axes
  2607 | Sewer    | Reached XP level 6. HP: 54/56 MP: 5/5
  2719 | Sewer    | Reached *** piety under Trog
  3541 | D:3      | Found a stormy altar of Qazlal.
  3627 | D:3      | Noticed Terence
  3636 | D:3      | Killed Terence
  3945 | D:4      | Reached XP level 7. HP: 50/62 MP: 6/6
  4121 | D:4      | Reached skill level 5 in Armour
  4176 | D:4      | Noticed Pikel
  4196 | D:4      | Killed Pikel
  4197 | D:4      | Reached skill level 5 in Dodging
  4396 | D:4      | Reached XP level 8. HP: 68/71 MP: 7/7
  4685 | D:4      | Found a glowing golden altar of the Shining One.
  4951 | D:4      | Reached **** piety under Trog
  5663 | D:5      | Entered Level 5 of the Dungeon
  6094 | D:6      | Found a staircase to the Ecumenical Temple.
  6279 | D:6      | Found a snail-covered altar of Cheibriados.
  6465 | D:6      | Noticed Blork the orc
  6471 | D:6      | Killed Blork the orc
  6472 | D:6      | Reached XP level 9. HP: 81/81 MP: 8/8
  6589 | D:6      | Reached ***** piety under Trog
  7189 | D:7      | Found a burning altar of Makhleb.
  7829 | D:8      | Noticed Joseph
  7840 | D:8      | Killed Joseph
  8915 | D:8      | Received a gift from Trog
  9164 | D:8      | Noticed Prince Ribbit
  9171 | D:8      | Killed Prince Ribbit
  9580 | D:9      | Found an iron altar of Okawaru.
  9606 | D:9      | Reached XP level 10. HP: 84/91 MP: 9/9
  9880 | D:9      | Found an opulent altar of Gozag.
 10353 | D:10     | Entered Level 10 of the Dungeon
 10466 | D:10     | Noticed a purple ugly thing
 10697 | D:10     | Killed a purple ugly thing
 10698 | D:10     | Reached skill level 10 in Fighting
 10698 | D:10     | Reached skill level 10 in Axes
 10818 | D:10     | Found a staircase to the Orcish Mines.
 10824 | D:10     | Found a runed translucent door.
 10939 | D:10     | Noticed a skeletal warrior
 10939 | D:10     | Noticed a lich
 10939 | D:10     | Noticed littlecub's ghost (journeyman MiFi)
 10940 | D:10     | Noticed a yaktaur captain
 10940 | D:10     | Noticed a necromancer
 10940 | D:10     | Noticed a flayed ghost
 10986 | D:10     | Found a runed translucent door.
 11174 | D:10     | Received a gift from Trog
 11175 | D:10     | Reached skill level 10 in Armour
 11348 | D:10     | Noticed Erolcha
 11361 | D:10     | Killed Erolcha
 11902 | D:11     | Found Xyntaapo's Weapon Emporium.
 11918 | D:11     | Reached XP level 11. HP: 83/101 MP: 10/10
 11926 | D:11     | Noticed a two-headed ogre
 11927 | D:11     | Found a staircase to the Lair.
 11938 | D:11     | Killed a two-headed ogre
 11943 | D:11     | Reached skill level 10 in Dodging
 13361 | Lair:1   | Entered Level 1 of the Lair of Beasts
 15008 | Lair:2   | Found a staircase to the Snake Pit.
 15335 | Lair:2   | Received a gift from Trog
 15366 | Lair:2   | Reached XP level 12. HP: 112/112 MP: 11/11
 15394 | Lair:2   | Noticed a four-headed hydra
 15409 | Lair:2   | Killed an 11-headed hydra
 17973 | Lair:3   | Found a staircase to the Shoals.
 18900 | Lair:4   | Noticed an eight-headed hydra
 18913 | Lair:4   | Killed a 12-headed hydra
 19375 | Lair:4   | Reached XP level 13. HP: 107/122 MP: 12/12
 19498 | Lair:4   | Killed from afar by a lindwurm

Illustrated notes

Levels and vault maps discovered:
D:1:      shiori_arrival_elements, layout_rooms
D:2:      layout_loops_cross, fedhas_altar_4
D:3:      layout_loops_ring, nicolae_qazlal_eye_of_the_storm,
          gup_sewer_entry_bowl, uniq_terence
D:4:      cheibrodos_barr_body, layout_basic, lemuel_doored_altar, serial_glass,
          glass_columns_a, glass_columns_b, serial_park_tiny_pond,
          minmay_crystal_room, uniq_pikel
D:5:      layout_rooms
D:6:      layout_rooms, kennysheep_little_box, minmay_temple_entry_mist,
          uniq_blork_the_orc
D:7:      layout_loops_cross, lemuel_coloured_pillars_altar,
          minmay_misc_feat_doors
D:8:      layout_basic, uniq_prince_ribbit1, uniq_joseph
D:9:      layout_long_grid, nicolae_overflow_crystal_walls, old_standard_altar,
          serial_glass, glass_columns_a, glass_columns_c
D:10:     minmay_general_purpose_star, layout_irregular_city, orc_0_dummy,
          muffindrake_ghost_dual_entry, bh_circular_ruins, uniq_erolcha
D:11:     layout_stronghold, minmay_lair_entry_grove, serial_shops, shop
Lair:1:   layout_roguey, grunt_megastairs_5, lemuel_fruit_tree,
          infiniplex_staircase_pool_2
Lair:2:   layout_roguey, dummy_snake_entry
Lair:3:   layout_cave_pods, minmay_shoals_entry_hut
Lair:4:   regret_index_wax_grids, layout_concentric_octagons,
          grunt_forest_large_clearings

Skill      XL: |  1  2  3  4  5  6  7  8  9 10 11 12 |
---------------+-------------------------------------+-----
Fighting       | 4 5 6 8 9 10 12 13 | 13.6
Axes           | 4 5 6 7 9 10 12 13 | 13.6
Armour         | 3 4 5 7 9 10 11 13 | 13.4
Dodging        | 3 4 5 6 8 9 10 12 | 12.4

Action                   |  1- 3 |  4- 6 |  7- 9 | 10-12 | 13-15 || total
-------------------------+-------+-------+-------+-------+-------++-------
Melee: Hand axe          |    76 |   155 |   319 |       |       ||   550
       Headbutt          |    20 |    28 |    73 |    82 |    13 ||   216
       Battleaxe         |       |       |    24 |   111 |       ||   135
       War axe           |       |       |       |   363 |    51 ||   414
Invok: Berserk           |       |       |     3 |     5 |     1 ||     9
       Trog's Hand       |       |       |       |     4 |     1 ||     5
       Brothers in Arms  |       |       |       |     1 |     1 ||     2
  Use: Scroll            |       |     6 |    13 |     5 |       ||    24
       Potion            |       |       |     1 |     2 |       ||     3
 Stab: Sleeping          |       |       |     1 |     1 |       ||     2
Armor: Animal skin       |    14 |    10 |     5 |       |       ||    29
       Leather armour    |       |       |    49 |    54 |       ||   103
       Scale mail        |       |       |       |    91 |    21 ||   112
Dodge: Dodged            |    55 |   114 |   290 |   620 |    86 ||  1165
